 Dungeon Crawl Stone Soup version 0.29.0-15-g675c0067aa (webtiles) character file.

Game seed: 13698623051841322523

70 qw the Chopper (level 4, 39/39 HPs)
             Began as a Minotaur Berserker on Sept 11, 2022.
             Was a Follower of Trog.
             Quit the game on level 2 of the Dungeon.
             The game lasted 00:08:19 (3686 turns).

qw the Chopper (Minotaur Berserker)                 Turns: 3686, Time: 00:08:19

Health: 39/39      AC:  4    Str: 23    XL:     4   Next: 4%
Magic:  3/3        EV: 11    Int:  4    God:    Trog [*.....]
Gold:   80         SH:  0    Dex: 10    Spells: 3/3 levels left

rFire   . . .      SeeInvis .   Y - +1 hand axe
rCold   . . .      Faith    .   (no shield)
rNeg    . . .      Spirit   .   e - +0 leather armour
rPois   .          Reflect  .   (helmet restricted)
rElec   .          Harm     .   h - +0 cloak
rCorr   .          Rampage  .   (no gloves)
Will    .....                   (no boots)
Stlth   +.........              (no amulet)
HPRegen 0.13/turn               (no ring)
MPRegen 0.08/turn               (no ring)

@: no status effects
A: horns 2, retaliatory headbutt
a: Renounce Religion, Berserk


You were on level 2 of the Dungeon.
You worshipped Trog.
Trog was aware of your devotion.
You visited 1 branch of the dungeon, and saw 2 of its levels.

You collected 135 gold pieces.
You spent 55 gold pieces at shops.


Innate Abilities, Weirdness & Mutations

You have a pair of horns on your head.
You reflexively headbutt those who attack you in melee.


   Skills:
 - Level 3.6 Fighting
 + Level 6.0 Axes
 - Level 2.4 Armour
 - Level 2.1 Dodging


You had 3 spell levels left.
You didn't know any spells.
Your spell library was empty.

Inventory:

Hand Weapons
 d - a +0 hammer of protection
 Y - a +1 hand axe (weapon)
Armour
 e - a +0 leather armour (worn)
 h - a +0 cloak (worn)
Potions
 a - a potion of brilliance {unknown}
 c - a potion of curing
 g - a potion of lignification {unknown}
 i - a potion of heal wounds

Dungeon Overview and Level Annotations

Branches:
Dungeon (2/15)

Altars:

Shops:
D:1 !(=:


Message History

Things that are here:
a +0 animal skin; a lumpy dark potion A bat is nearby!
A bat is nearby!
3672 ||| Stepping randomly (stuck).
Things that are here:
a +0 animal skin; a lumpy dark potion A bat is nearby!
A bat is nearby!
3674 ||| Stepping randomly (stuck).
Things that are here:
a +0 animal skin; a lumpy dark potion A bat is nearby!
A bat is nearby!
3676 ||| Stepping randomly (stuck).
Things that are here:
a +0 animal skin; a lumpy dark potion A bat is nearby!
A bat is nearby!
3678 ||| Stepping randomly (stuck).
Things that are here:
a +0 animal skin; a lumpy dark potion A bat is nearby!
A bat is nearby!
3680 ||| Stepping randomly (stuck).
Things that are here:
a +0 animal skin; a lumpy dark potion A bat is nearby!
A bat is nearby!
3682 ||| Stepping randomly (stuck).
Things that are here:
a +0 animal skin; a lumpy dark potion A bat is nearby!
A bat is nearby!
3684 ||| Stepping randomly (stuck).
Things that are here:
a +0 animal skin; a lumpy dark potion A bat is nearby!
A bat is nearby!
Are you sure you want to abandon this character and quit the game? (Confirm with "yes".)

#....###########
#..............#.
#..............#.
#........).....#. ###
#....######....#. ....
#....# #....#.
##...####....# #....#.
.............# ##....#.
###'####@..>.# #.......
#.....###.#+## #.......
.....####....# #.......
....###.#....# #.......
...###..#...... #.......
..###...'....>...########
####....#........
b#.....#........
#....##....(...


You could see a bat.

Vanquished Creatures
  Jessica (D:2)
  A worm (D:2)
  A dart slug (D:2)
  3 bats
  3 endoplasms
  3 giant cockroaches (D:1)
  3 hobgoblins (D:1)
  A quokka (D:1)
  3 ball pythons
  4 frilled lizards
  5 goblins
  9 kobolds (D:1)
  A rat (D:1)
38 creatures vanquished.

Notes
Turn   | Place    | Note
-------+----------+-------------------------------------------
     0 | D:1      | qw the Minotaur Berserker began the quest for the Orb.
     0 | D:1      | Reached XP level 1. HP: 19/19 MP: 0/0
     0 | D:1      | 0 ||| qw: Version: 0.1-a-119-g272c26d
     0 | D:1      | 0 ||| qw: Game counter: 10695
     0 | D:1      | 0 ||| qw: Always use a shield: true
     0 | D:1      | 0 ||| qw: Do Orc after D:15 true
     0 | D:1      | 0 ||| qw: Do second Lair branch before Depths: true
     0 | D:1      | 0 ||| qw: Lair rune preference: random
     0 | D:1      | 0 ||| qw: Plans: Normal
     0 | D:1      | 0 ||| PLANNING D:1-11
    97 | D:1      | Found a faded altar of an unknown god.
   150 | D:1      | Found Wiut's Book Shoppe.
   239 | D:1      | Reached skill level 4 in Axes
   241 | D:1      | 241 ||| Stepping ~*~*~tactically~*~*~ (stealth).
   244 | D:1      | 244 ||| Stepping ~*~*~tactically~*~*~ (stealth).
   245 | D:1      | 245 ||| Stepping ~*~*~tactically~*~*~ (stealth).
   272 | D:1      | 272 ||| Stepping ~*~*~tactically~*~*~ (stealth).
   296 | D:1      | 296 ||| Stepping ~*~*~tactically~*~*~ (stealth).
   297 | D:1      | 297 ||| Stepping ~*~*~tactically~*~*~ (stealth).
   304 | D:1      | Reached XP level 2. HP: 19/26 MP: 1/1
   305 | D:1      | 305 ||| Stepping ~*~*~tactically~*~*~ (stealth).
   314 | D:1      | 314 ||| Stepping ~*~*~tactically~*~*~ (stealth).
   373 | D:1      | 373 ||| Stepping ~*~*~tactically~*~*~ (stealth).
   374 | D:1      | 374 ||| Stepping ~*~*~tactically~*~*~ (stealth).
   375 | D:1      | 375 ||| Stepping ~*~*~tactically~*~*~ (stealth).
   376 | D:1      | 376 ||| Stepping ~*~*~tactically~*~*~ (stealth).
   393 | D:1      | 393 ||| DROPPING +0 club.
   396 | D:1      | 396 ||| Stepping ~*~*~tactically~*~*~ (stealth).
   544 | D:1      | Found Tiuhaluant's Weapon Emporium.
   597 | D:1      | Found Apsier's Jewellery Emporium.
   607 | D:1      | 607 ||| Stepping ~*~*~tactically~*~*~ (stealth).
   651 | D:1      | 651 ||| SHOPLISTING +6 ring of strength (360 gold, have
                  | 64).
   651 | D:1      | 651 ||| SHOPLISTING amulet of the acrobat (300 gold, have
                  | 64).
   651 | D:1      | 651 ||| SHOPLISTING ring of fire (250 gold, have 64).
   651 | D:1      | 651 ||| SHOPLISTING ring of positive energy (200 gold, have
                  | 64).
   651 | D:1      | 651 ||| SHOPLISTING ring of protection from cold (250 gold,
                  | have 64).
   651 | D:1      | 651 ||| SHOPLISTING ring of protection from fire (250 gold,
                  | have 64).
   651 | D:1      | 651 ||| SHOPLISTING ring of the Hurtling King {Fly Int+5
                  | Dex+2} (392 gold, have 64).
   989 | D:1      | Found Fausasut's Distillery.
  1000 | D:1      | 1000 ||| SHOPLISTING potion of cancellation (88 gold, have
                  | 77).
  1000 | D:1      | 1000 ||| BUYING potion of heal wounds (55 gold).
  1000 | D:1      | Bought a potion of heal wounds for 55 gold pieces
  1000 | D:1      | 1000 ||| SHOPLISTING potion of heal wounds (55 gold, have
                  | 22).
  1026 | D:1      | Reached skill level 5 in Axes
  1128 | D:1      | Reached ** piety under Trog
  1234 | D:1      | 1234 ||| UPGRADING to +0 cloak.
  1239 | D:1      | 1239 ||| READING scroll labelled SEYDOA GIACVA.
  1240 | D:1      | 1240 ||| READING scroll labelled EXAMES FOUH.
  1241 | D:1      | 1241 ||| READING scroll labelled ERYIFF CUTOBAJO.
  1242 | D:1      | 1242 ||| DRINKING 2 dark potions.
  1267 | D:2      | 1267 ||| STAIRDANCE
  1277 | D:2      | Reached XP level 3. HP: 28/31 MP: 2/2
  1336 | D:2      | Noticed Jessica
  1342 | D:2      | Killed Jessica
  1343 | D:2      | 1343 ||| FLEEEEING.
  1344 | D:2      | 1344 ||| FLEEEEING.
  1345 | D:2      | 1345 ||| FLEEEEING.
  1347 | D:2      | 1347 ||| FLEEEEING.
  1348 | D:2      | 1348 ||| FLEEEEING.
  1349 | D:2      | 1349 ||| FLEEEEING.
  1350 | D:2      | 1350 ||| FLEEEEING.
  1351 | D:2      | 1351 ||| FLEEEEING.
  1352 | D:2      | 1352 ||| FLEEEEING.
  1353 | D:2      | 1353 ||| FLEEEEING.
  1356 | D:2      | 1356 ||| FLEEEEING.
  1357 | D:2      | 1357 ||| FLEEEEING.
  1358 | D:2      | 1358 ||| STAIRDANCE
  1509 | D:2      | 1509 ||| DROPPING +0 whip.
  1601 | D:2      | 1601 ||| UPGRADING to +0 leather armour.
  1627 | D:2      | 1627 ||| INVOKING Berserk.
  1630 | D:2      | Reached skill level 6 in Axes
  1630 | D:2      | Reached XP level 4. HP: 39/39 MP: 3/3
  1669 | D:2      | 1669 ||| UPGRADING to +0 animal skin.
  1674 | D:2      | 1674 ||| UPGRADING to +0 leather armour.
  1684 | D:2      | 1684 ||| DROPPING +0 animal skin.
  1685 | D:2      | 1685 ||| READING scroll labelled BAPHAI NUARAIGO.
  1686 | D:2      | 1686 ||| Stepping randomly (stuck).
  1688 | D:2      | 1688 ||| Stepping randomly (stuck).
  1690 | D:2      | 1690 ||| Stepping randomly (stuck).
  1692 | D:2      | 1692 ||| Stepping randomly (stuck).
  1694 | D:2      | 1694 ||| Stepping randomly (stuck).
  1696 | D:2      | 1696 ||| Stepping randomly (stuck).
  1698 | D:2      | 1698 ||| Stepping randomly (stuck).
  1700 | D:2      | 1700 ||| Stepping randomly (stuck).
  1702 | D:2      | 1702 ||| Stepping randomly (stuck).
  1704 | D:2      | 1704 ||| Stepping randomly (stuck).
  1706 | D:2      | 1706 ||| Stepping randomly (stuck).
  1708 | D:2      | 1708 ||| Stepping randomly (stuck).
  1710 | D:2      | 1710 ||| Stepping randomly (stuck).
  1712 | D:2      | 1712 ||| Stepping randomly (stuck).
  1714 | D:2      | 1714 ||| Stepping randomly (stuck).
  1716 | D:2      | 1716 ||| Stepping randomly (stuck).
  1718 | D:2      | 1718 ||| Stepping randomly (stuck).
  1720 | D:2      | 1720 ||| Stepping randomly (stuck).
  1722 | D:2      | 1722 ||| Stepping randomly (stuck).
  1724 | D:2      | 1724 ||| Stepping randomly (stuck).
  1726 | D:2      | 1726 ||| Stepping randomly (stuck).
  1728 | D:2      | 1728 ||| Stepping randomly (stuck).
  1730 | D:2      | 1730 ||| Stepping randomly (stuck).
  1732 | D:2      | 1732 ||| Stepping randomly (stuck).
  1734 | D:2      | 1734 ||| Stepping randomly (stuck).
  1736 | D:2      | 1736 ||| Stepping randomly (stuck).
  1738 | D:2      | 1738 ||| Stepping randomly (stuck).
  1740 | D:2      | 1740 ||| Stepping randomly (stuck).
  1742 | D:2      | 1742 ||| Stepping randomly (stuck).
  1744 | D:2      | 1744 ||| Stepping randomly (stuck).
  1746 | D:2      | 1746 ||| Stepping randomly (stuck).
  1748 | D:2      | 1748 ||| Stepping randomly (stuck).
  1750 | D:2      | 1750 ||| Stepping randomly (stuck).
  1752 | D:2      | 1752 ||| Stepping randomly (stuck).
  1754 | D:2      | 1754 ||| Stepping randomly (stuck).
  1756 | D:2      | 1756 ||| Stepping randomly (stuck).
  1758 | D:2      | 1758 ||| Stepping randomly (stuck).
  1760 | D:2      | 1760 ||| Stepping randomly (stuck).
  1762 | D:2      | 1762 ||| Stepping randomly (stuck).
  1764 | D:2      | 1764 ||| Stepping randomly (stuck).
  1766 | D:2      | 1766 ||| Stepping randomly (stuck).
  1768 | D:2      | 1768 ||| Stepping randomly (stuck).
  1770 | D:2      | 1770 ||| Stepping randomly (stuck).
  1772 | D:2      | 1772 ||| Stepping randomly (stuck).
  1774 | D:2      | 1774 ||| Stepping randomly (stuck).
  1776 | D:2      | 1776 ||| Stepping randomly (stuck).
  1778 | D:2      | 1778 ||| Stepping randomly (stuck).
  1780 | D:2      | 1780 ||| Stepping randomly (stuck).
  1782 | D:2      | 1782 ||| Stepping randomly (stuck).
  1784 | D:2      | 1784 ||| Stepping randomly (stuck).
  1786 | D:2      | 1786 ||| Stepping randomly (stuck).
  1788 | D:2      | 1788 ||| Stepping randomly (stuck).
  1790 | D:2      | 1790 ||| Stepping randomly (stuck).
  1792 | D:2      | 1792 ||| Stepping randomly (stuck).
  1794 | D:2      | 1794 ||| Stepping randomly (stuck).
  1796 | D:2      | 1796 ||| Stepping randomly (stuck).
  1798 | D:2      | 1798 ||| Stepping randomly (stuck).
  1800 | D:2      | 1800 ||| Stepping randomly (stuck).
  1802 | D:2      | 1802 ||| Stepping randomly (stuck).
  1804 | D:2      | 1804 ||| Stepping randomly (stuck).
  1806 | D:2      | 1806 ||| Stepping randomly (stuck).
  1808 | D:2      | 1808 ||| Stepping randomly (stuck).
  1810 | D:2      | 1810 ||| Stepping randomly (stuck).
  1812 | D:2      | 1812 ||| Stepping randomly (stuck).
  1814 | D:2      | 1814 ||| Stepping randomly (stuck).
  1816 | D:2      | 1816 ||| Stepping randomly (stuck).
  1818 | D:2      | 1818 ||| Stepping randomly (stuck).
  1820 | D:2      | 1820 ||| Stepping randomly (stuck).
  1822 | D:2      | 1822 ||| Stepping randomly (stuck).
  1824 | D:2      | 1824 ||| Stepping randomly (stuck).
  1826 | D:2      | 1826 ||| Stepping randomly (stuck).
  1828 | D:2      | 1828 ||| Stepping randomly (stuck).
  1830 | D:2      | 1830 ||| Stepping randomly (stuck).
  1832 | D:2      | 1832 ||| Stepping randomly (stuck).
  1834 | D:2      | 1834 ||| Stepping randomly (stuck).
  1836 | D:2      | 1836 ||| Stepping randomly (stuck).
  1838 | D:2      | 1838 ||| Stepping randomly (stuck).
  1840 | D:2      | 1840 ||| Stepping randomly (stuck).
  1842 | D:2      | 1842 ||| Stepping randomly (stuck).
  1844 | D:2      | 1844 ||| Stepping randomly (stuck).
  1846 | D:2      | 1846 ||| Stepping randomly (stuck).
  1848 | D:2      | 1848 ||| Stepping randomly (stuck).
  1850 | D:2      | 1850 ||| Stepping randomly (stuck).
  1852 | D:2      | 1852 ||| Stepping randomly (stuck).
  1854 | D:2      | 1854 ||| Stepping randomly (stuck).
  1856 | D:2      | 1856 ||| Stepping randomly (stuck).
  1858 | D:2      | 1858 ||| Stepping randomly (stuck).
  1860 | D:2      | 1860 ||| Stepping randomly (stuck).
  1862 | D:2      | 1862 ||| Stepping randomly (stuck).
  1864 | D:2      | 1864 ||| Stepping randomly (stuck).
  1866 | D:2      | 1866 ||| Stepping randomly (stuck).
  1868 | D:2      | 1868 ||| Stepping randomly (stuck).
  1870 | D:2      | 1870 ||| Stepping randomly (stuck).
  1872 | D:2      | 1872 ||| Stepping randomly (stuck).
  1874 | D:2      | 1874 ||| Stepping randomly (stuck).
  1876 | D:2      | 1876 ||| Stepping randomly (stuck).
  1878 | D:2      | 1878 ||| Stepping randomly (stuck).
  1880 | D:2      | 1880 ||| Stepping randomly (stuck).
  1882 | D:2      | 1882 ||| Stepping randomly (stuck).
  1884 | D:2      | 1884 ||| Stepping randomly (stuck).
  1886 | D:2      | 1886 ||| Stepping randomly (stuck).
  1888 | D:2      | 1888 ||| Stepping randomly (stuck).
  1890 | D:2      | 1890 ||| Stepping randomly (stuck).
  1892 | D:2      | 1892 ||| Stepping randomly (stuck).
  1894 | D:2      | 1894 ||| Stepping randomly (stuck).
  1896 | D:2      | 1896 ||| Stepping randomly (stuck).
  1898 | D:2      | 1898 ||| Stepping randomly (stuck).
  1900 | D:2      | 1900 ||| Stepping randomly (stuck).
  1902 | D:2      | 1902 ||| Stepping randomly (stuck).
  1904 | D:2      | 1904 ||| Stepping randomly (stuck).
  1906 | D:2      | 1906 ||| Stepping randomly (stuck).
  1908 | D:2      | 1908 ||| Stepping randomly (stuck).
  1910 | D:2      | 1910 ||| Stepping randomly (stuck).
  1912 | D:2      | 1912 ||| Stepping randomly (stuck).
  1914 | D:2      | 1914 ||| Stepping randomly (stuck).
  1916 | D:2      | 1916 ||| Stepping randomly (stuck).
  1918 | D:2      | 1918 ||| Stepping randomly (stuck).
  1920 | D:2      | 1920 ||| Stepping randomly (stuck).
  1922 | D:2      | 1922 ||| Stepping randomly (stuck).
  1924 | D:2      | 1924 ||| Stepping randomly (stuck).
  1926 | D:2      | 1926 ||| Stepping randomly (stuck).
  1928 | D:2      | 1928 ||| Stepping randomly (stuck).
  1930 | D:2      | 1930 ||| Stepping randomly (stuck).
  1932 | D:2      | 1932 ||| Stepping randomly (stuck).
  1934 | D:2      | 1934 ||| Stepping randomly (stuck).
  1936 | D:2      | 1936 ||| Stepping randomly (stuck).
  1938 | D:2      | 1938 ||| Stepping randomly (stuck).
  1940 | D:2      | 1940 ||| Stepping randomly (stuck).
  1942 | D:2      | 1942 ||| Stepping randomly (stuck).
  1944 | D:2      | 1944 ||| Stepping randomly (stuck).
  1946 | D:2      | 1946 ||| Stepping randomly (stuck).
  1948 | D:2      | 1948 ||| Stepping randomly (stuck).
  1950 | D:2      | 1950 ||| Stepping randomly (stuck).
  1952 | D:2      | 1952 ||| Stepping randomly (stuck).
  1954 | D:2      | 1954 ||| Stepping randomly (stuck).
  1956 | D:2      | 1956 ||| Stepping randomly (stuck).
  1958 | D:2      | 1958 ||| Stepping randomly (stuck).
  1960 | D:2      | 1960 ||| Stepping randomly (stuck).
  1962 | D:2      | 1962 ||| Stepping randomly (stuck).
  1964 | D:2      | 1964 ||| Stepping randomly (stuck).
  1966 | D:2      | 1966 ||| Stepping randomly (stuck).
  1968 | D:2      | 1968 ||| Stepping randomly (stuck).
  1970 | D:2      | 1970 ||| Stepping randomly (stuck).
  1972 | D:2      | 1972 ||| Stepping randomly (stuck).
  1974 | D:2      | 1974 ||| Stepping randomly (stuck).
  1976 | D:2      | 1976 ||| Stepping randomly (stuck).
  1978 | D:2      | 1978 ||| Stepping randomly (stuck).
  1980 | D:2      | 1980 ||| Stepping randomly (stuck).
  1982 | D:2      | 1982 ||| Stepping randomly (stuck).
  1984 | D:2      | 1984 ||| Stepping randomly (stuck).
  1986 | D:2      | 1986 ||| Stepping randomly (stuck).
  1988 | D:2      | 1988 ||| Stepping randomly (stuck).
  1990 | D:2      | 1990 ||| Stepping randomly (stuck).
  1992 | D:2      | 1992 ||| Stepping randomly (stuck).
  1994 | D:2      | 1994 ||| Stepping randomly (stuck).
  1996 | D:2      | 1996 ||| Stepping randomly (stuck).
  1998 | D:2      | 1998 ||| Stepping randomly (stuck).
  2000 | D:2      | 2000 ||| Stepping randomly (stuck).
  2002 | D:2      | 2002 ||| Stepping randomly (stuck).
  2004 | D:2      | 2004 ||| Stepping randomly (stuck).
  2006 | D:2      | 2006 ||| Stepping randomly (stuck).
  2008 | D:2      | 2008 ||| Stepping randomly (stuck).
  2010 | D:2      | 2010 ||| Stepping randomly (stuck).
  2012 | D:2      | 2012 ||| Stepping randomly (stuck).
  2014 | D:2      | 2014 ||| Stepping randomly (stuck).
  2016 | D:2      | 2016 ||| Stepping randomly (stuck).
  2018 | D:2      | 2018 ||| Stepping randomly (stuck).
  2020 | D:2      | 2020 ||| Stepping randomly (stuck).
  2022 | D:2      | 2022 ||| Stepping randomly (stuck).
  2024 | D:2      | 2024 ||| Stepping randomly (stuck).
  2026 | D:2      | 2026 ||| Stepping randomly (stuck).
  2028 | D:2      | 2028 ||| Stepping randomly (stuck).
  2030 | D:2      | 2030 ||| Stepping randomly (stuck).
  2032 | D:2      | 2032 ||| Stepping randomly (stuck).
  2034 | D:2      | 2034 ||| Stepping randomly (stuck).
  2036 | D:2      | 2036 ||| Stepping randomly (stuck).
  2038 | D:2      | 2038 ||| Stepping randomly (stuck).
  2040 | D:2      | 2040 ||| Stepping randomly (stuck).
  2042 | D:2      | 2042 ||| Stepping randomly (stuck).
  2044 | D:2      | 2044 ||| Stepping randomly (stuck).
  2046 | D:2      | 2046 ||| Stepping randomly (stuck).
  2048 | D:2      | 2048 ||| Stepping randomly (stuck).
  2050 | D:2      | 2050 ||| Stepping randomly (stuck).
  2052 | D:2      | 2052 ||| Stepping randomly (stuck).
  2054 | D:2      | 2054 ||| Stepping randomly (stuck).
  2056 | D:2      | 2056 ||| Stepping randomly (stuck).
  2058 | D:2      | 2058 ||| Stepping randomly (stuck).
  2060 | D:2      | 2060 ||| Stepping randomly (stuck).
  2062 | D:2      | 2062 ||| Stepping randomly (stuck).
  2064 | D:2      | 2064 ||| Stepping randomly (stuck).
  2066 | D:2      | 2066 ||| Stepping randomly (stuck).
  2068 | D:2      | 2068 ||| Stepping randomly (stuck).
  2070 | D:2      | 2070 ||| Stepping randomly (stuck).
  2072 | D:2      | 2072 ||| Stepping randomly (stuck).
  2074 | D:2      | 2074 ||| Stepping randomly (stuck).
  2076 | D:2      | 2076 ||| Stepping randomly (stuck).
  2078 | D:2      | 2078 ||| Stepping randomly (stuck).
  2080 | D:2      | 2080 ||| Stepping randomly (stuck).
  2082 | D:2      | 2082 ||| Stepping randomly (stuck).
  2084 | D:2      | 2084 ||| Stepping randomly (stuck).
  2086 | D:2      | 2086 ||| Stepping randomly (stuck).
  2088 | D:2      | 2088 ||| Stepping randomly (stuck).
  2090 | D:2      | 2090 ||| Stepping randomly (stuck).
  2092 | D:2      | 2092 ||| Stepping randomly (stuck).
  2094 | D:2      | 2094 ||| Stepping randomly (stuck).
  2096 | D:2      | 2096 ||| Stepping randomly (stuck).
  2098 | D:2      | 2098 ||| Stepping randomly (stuck).
  2100 | D:2      | 2100 ||| Stepping randomly (stuck).
  2102 | D:2      | 2102 ||| Stepping randomly (stuck).
  2104 | D:2      | 2104 ||| Stepping randomly (stuck).
  2106 | D:2      | 2106 ||| Stepping randomly (stuck).
  2108 | D:2      | 2108 ||| Stepping randomly (stuck).
  2110 | D:2      | 2110 ||| Stepping randomly (stuck).
  2112 | D:2      | 2112 ||| Stepping randomly (stuck).
  2114 | D:2      | 2114 ||| Stepping randomly (stuck).
  2116 | D:2      | 2116 ||| Stepping randomly (stuck).
  2118 | D:2      | 2118 ||| Stepping randomly (stuck).
  2120 | D:2      | 2120 ||| Stepping randomly (stuck).
  2122 | D:2      | 2122 ||| Stepping randomly (stuck).
  2124 | D:2      | 2124 ||| Stepping randomly (stuck).
  2126 | D:2      | 2126 ||| Stepping randomly (stuck).
  2128 | D:2      | 2128 ||| Stepping randomly (stuck).
  2130 | D:2      | 2130 ||| Stepping randomly (stuck).
  2132 | D:2      | 2132 ||| Stepping randomly (stuck).
  2134 | D:2      | 2134 ||| Stepping randomly (stuck).
  2136 | D:2      | 2136 ||| Stepping randomly (stuck).
  2138 | D:2      | 2138 ||| Stepping randomly (stuck).
  2140 | D:2      | 2140 ||| Stepping randomly (stuck).
  2142 | D:2      | 2142 ||| Stepping randomly (stuck).
  2144 | D:2      | 2144 ||| Stepping randomly (stuck).
  2146 | D:2      | 2146 ||| Stepping randomly (stuck).
  2148 | D:2      | 2148 ||| Stepping randomly (stuck).
  2150 | D:2      | 2150 ||| Stepping randomly (stuck).
  2152 | D:2      | 2152 ||| Stepping randomly (stuck).
  2154 | D:2      | 2154 ||| Stepping randomly (stuck).
  2156 | D:2      | 2156 ||| Stepping randomly (stuck).
  2158 | D:2      | 2158 ||| Stepping randomly (stuck).
  2160 | D:2      | 2160 ||| Stepping randomly (stuck).
  2162 | D:2      | 2162 ||| Stepping randomly (stuck).
  2164 | D:2      | 2164 ||| Stepping randomly (stuck).
  2166 | D:2      | 2166 ||| Stepping randomly (stuck).
  2168 | D:2      | 2168 ||| Stepping randomly (stuck).
  2170 | D:2      | 2170 ||| Stepping randomly (stuck).
  2172 | D:2      | 2172 ||| Stepping randomly (stuck).
  2174 | D:2      | 2174 ||| Stepping randomly (stuck).
  2176 | D:2      | 2176 ||| Stepping randomly (stuck).
  2178 | D:2      | 2178 ||| Stepping randomly (stuck).
  2180 | D:2      | 2180 ||| Stepping randomly (stuck).
  2182 | D:2      | 2182 ||| Stepping randomly (stuck).
  2184 | D:2      | 2184 ||| Stepping randomly (stuck).
  2186 | D:2      | 2186 ||| Stepping randomly (stuck).
  2188 | D:2      | 2188 ||| Stepping randomly (stuck).
  2190 | D:2      | 2190 ||| Stepping randomly (stuck).
  2192 | D:2      | 2192 ||| Stepping randomly (stuck).
  2194 | D:2      | 2194 ||| Stepping randomly (stuck).
  2196 | D:2      | 2196 ||| Stepping randomly (stuck).
  2198 | D:2      | 2198 ||| Stepping randomly (stuck).
  2200 | D:2      | 2200 ||| Stepping randomly (stuck).
  2202 | D:2      | 2202 ||| Stepping randomly (stuck).
  2204 | D:2      | 2204 ||| Stepping randomly (stuck).
  2206 | D:2      | 2206 ||| Stepping randomly (stuck).
  2208 | D:2      | 2208 ||| Stepping randomly (stuck).
  2210 | D:2      | 2210 ||| Stepping randomly (stuck).
  2212 | D:2      | 2212 ||| Stepping randomly (stuck).
  2214 | D:2      | 2214 ||| Stepping randomly (stuck).
  2216 | D:2      | 2216 ||| Stepping randomly (stuck).
  2218 | D:2      | 2218 ||| Stepping randomly (stuck).
  2220 | D:2      | 2220 ||| Stepping randomly (stuck).
  2222 | D:2      | 2222 ||| Stepping randomly (stuck).
  2224 | D:2      | 2224 ||| Stepping randomly (stuck).
  2226 | D:2      | 2226 ||| Stepping randomly (stuck).
  2228 | D:2      | 2228 ||| Stepping randomly (stuck).
  2230 | D:2      | 2230 ||| Stepping randomly (stuck).
  2232 | D:2      | 2232 ||| Stepping randomly (stuck).
  2234 | D:2      | 2234 ||| Stepping randomly (stuck).
  2236 | D:2      | 2236 ||| Stepping randomly (stuck).
  2238 | D:2      | 2238 ||| Stepping randomly (stuck).
  2240 | D:2      | 2240 ||| Stepping randomly (stuck).
  2242 | D:2      | 2242 ||| Stepping randomly (stuck).
  2244 | D:2      | 2244 ||| Stepping randomly (stuck).
  2246 | D:2      | 2246 ||| Stepping randomly (stuck).
  2248 | D:2      | 2248 ||| Stepping randomly (stuck).
  2250 | D:2      | 2250 ||| Stepping randomly (stuck).
  2252 | D:2      | 2252 ||| Stepping randomly (stuck).
  2254 | D:2      | 2254 ||| Stepping randomly (stuck).
  2256 | D:2      | 2256 ||| Stepping randomly (stuck).
  2258 | D:2      | 2258 ||| Stepping randomly (stuck).
  2260 | D:2      | 2260 ||| Stepping randomly (stuck).
  2262 | D:2      | 2262 ||| Stepping randomly (stuck).
  2264 | D:2      | 2264 ||| Stepping randomly (stuck).
  2266 | D:2      | 2266 ||| Stepping randomly (stuck).
  2268 | D:2      | 2268 ||| Stepping randomly (stuck).
  2270 | D:2      | 2270 ||| Stepping randomly (stuck).
  2272 | D:2      | 2272 ||| Stepping randomly (stuck).
  2274 | D:2      | 2274 ||| Stepping randomly (stuck).
  2276 | D:2      | 2276 ||| Stepping randomly (stuck).
  2278 | D:2      | 2278 ||| Stepping randomly (stuck).
  2280 | D:2      | 2280 ||| Stepping randomly (stuck).
  2282 | D:2      | 2282 ||| Stepping randomly (stuck).
  2284 | D:2      | 2284 ||| Stepping randomly (stuck).
  2286 | D:2      | 2286 ||| Stepping randomly (stuck).
  2288 | D:2      | 2288 ||| Stepping randomly (stuck).
  2290 | D:2      | 2290 ||| Stepping randomly (stuck).
  2292 | D:2      | 2292 ||| Stepping randomly (stuck).
  2294 | D:2      | 2294 ||| Stepping randomly (stuck).
  2296 | D:2      | 2296 ||| Stepping randomly (stuck).
  2298 | D:2      | 2298 ||| Stepping randomly (stuck).
  2300 | D:2      | 2300 ||| Stepping randomly (stuck).
  2302 | D:2      | 2302 ||| Stepping randomly (stuck).
  2304 | D:2      | 2304 ||| Stepping randomly (stuck).
  2306 | D:2      | 2306 ||| Stepping randomly (stuck).
  2308 | D:2      | 2308 ||| Stepping randomly (stuck).
  2310 | D:2      | 2310 ||| Stepping randomly (stuck).
  2312 | D:2      | 2312 ||| Stepping randomly (stuck).
  2314 | D:2      | 2314 ||| Stepping randomly (stuck).
  2316 | D:2      | 2316 ||| Stepping randomly (stuck).
  2318 | D:2      | 2318 ||| Stepping randomly (stuck).
  2320 | D:2      | 2320 ||| Stepping randomly (stuck).
  2322 | D:2      | 2322 ||| Stepping randomly (stuck).
  2324 | D:2      | 2324 ||| Stepping randomly (stuck).
  2326 | D:2      | 2326 ||| Stepping randomly (stuck).
  2328 | D:2      | 2328 ||| Stepping randomly (stuck).
  2330 | D:2      | 2330 ||| Stepping randomly (stuck).
  2332 | D:2      | 2332 ||| Stepping randomly (stuck).
  2334 | D:2      | 2334 ||| Stepping randomly (stuck).
  2336 | D:2      | 2336 ||| Stepping randomly (stuck).
  2338 | D:2      | 2338 ||| Stepping randomly (stuck).
  2340 | D:2      | 2340 ||| Stepping randomly (stuck).
  2342 | D:2      | 2342 ||| Stepping randomly (stuck).
  2344 | D:2      | 2344 ||| Stepping randomly (stuck).
  2346 | D:2      | 2346 ||| Stepping randomly (stuck).
  2348 | D:2      | 2348 ||| Stepping randomly (stuck).
  2350 | D:2      | 2350 ||| Stepping randomly (stuck).
  2352 | D:2      | 2352 ||| Stepping randomly (stuck).
  2354 | D:2      | 2354 ||| Stepping randomly (stuck).
  2356 | D:2      | 2356 ||| Stepping randomly (stuck).
  2358 | D:2      | 2358 ||| Stepping randomly (stuck).
  2360 | D:2      | 2360 ||| Stepping randomly (stuck).
  2362 | D:2      | 2362 ||| Stepping randomly (stuck).
  2364 | D:2      | 2364 ||| Stepping randomly (stuck).
  2366 | D:2      | 2366 ||| Stepping randomly (stuck).
  2368 | D:2      | 2368 ||| Stepping randomly (stuck).
  2370 | D:2      | 2370 ||| Stepping randomly (stuck).
  2372 | D:2      | 2372 ||| Stepping randomly (stuck).
  2374 | D:2      | 2374 ||| Stepping randomly (stuck).
  2376 | D:2      | 2376 ||| Stepping randomly (stuck).
  2378 | D:2      | 2378 ||| Stepping randomly (stuck).
  2380 | D:2      | 2380 ||| Stepping randomly (stuck).
  2382 | D:2      | 2382 ||| Stepping randomly (stuck).
  2384 | D:2      | 2384 ||| Stepping randomly (stuck).
  2386 | D:2      | 2386 ||| Stepping randomly (stuck).
  2388 | D:2      | 2388 ||| Stepping randomly (stuck).
  2390 | D:2      | 2390 ||| Stepping randomly (stuck).
  2392 | D:2      | 2392 ||| Stepping randomly (stuck).
  2394 | D:2      | 2394 ||| Stepping randomly (stuck).
  2396 | D:2      | 2396 ||| Stepping randomly (stuck).
  2398 | D:2      | 2398 ||| Stepping randomly (stuck).
  2400 | D:2      | 2400 ||| Stepping randomly (stuck).
  2402 | D:2      | 2402 ||| Stepping randomly (stuck).
  2404 | D:2      | 2404 ||| Stepping randomly (stuck).
  2406 | D:2      | 2406 ||| Stepping randomly (stuck).
  2408 | D:2      | 2408 ||| Stepping randomly (stuck).
  2410 | D:2      | 2410 ||| Stepping randomly (stuck).
  2412 | D:2      | 2412 ||| Stepping randomly (stuck).
  2414 | D:2      | 2414 ||| Stepping randomly (stuck).
  2416 | D:2      | 2416 ||| Stepping randomly (stuck).
  2418 | D:2      | 2418 ||| Stepping randomly (stuck).
  2420 | D:2      | 2420 ||| Stepping randomly (stuck).
  2422 | D:2      | 2422 ||| Stepping randomly (stuck).
  2424 | D:2      | 2424 ||| Stepping randomly (stuck).
  2426 | D:2      | 2426 ||| Stepping randomly (stuck).
  2428 | D:2      | 2428 ||| Stepping randomly (stuck).
  2430 | D:2      | 2430 ||| Stepping randomly (stuck).
  2432 | D:2      | 2432 ||| Stepping randomly (stuck).
  2434 | D:2      | 2434 ||| Stepping randomly (stuck).
  2436 | D:2      | 2436 ||| Stepping randomly (stuck).
  2438 | D:2      | 2438 ||| Stepping randomly (stuck).
  2440 | D:2      | 2440 ||| Stepping randomly (stuck).
  2442 | D:2      | 2442 ||| Stepping randomly (stuck).
  2444 | D:2      | 2444 ||| Stepping randomly (stuck).
  2446 | D:2      | 2446 ||| Stepping randomly (stuck).
  2448 | D:2      | 2448 ||| Stepping randomly (stuck).
  2450 | D:2      | 2450 ||| Stepping randomly (stuck).
  2452 | D:2      | 2452 ||| Stepping randomly (stuck).
  2454 | D:2      | 2454 ||| Stepping randomly (stuck).
  2456 | D:2      | 2456 ||| Stepping randomly (stuck).
  2458 | D:2      | 2458 ||| Stepping randomly (stuck).
  2460 | D:2      | 2460 ||| Stepping randomly (stuck).
  2462 | D:2      | 2462 ||| Stepping randomly (stuck).
  2464 | D:2      | 2464 ||| Stepping randomly (stuck).
  2466 | D:2      | 2466 ||| Stepping randomly (stuck).
  2468 | D:2      | 2468 ||| Stepping randomly (stuck).
  2470 | D:2      | 2470 ||| Stepping randomly (stuck).
  2472 | D:2      | 2472 ||| Stepping randomly (stuck).
  2474 | D:2      | 2474 ||| Stepping randomly (stuck).
  2476 | D:2      | 2476 ||| Stepping randomly (stuck).
  2478 | D:2      | 2478 ||| Stepping randomly (stuck).
  2480 | D:2      | 2480 ||| Stepping randomly (stuck).
  2482 | D:2      | 2482 ||| Stepping randomly (stuck).
  2484 | D:2      | 2484 ||| Stepping randomly (stuck).
  2486 | D:2      | 2486 ||| Stepping randomly (stuck).
  2488 | D:2      | 2488 ||| Stepping randomly (stuck).
  2490 | D:2      | 2490 ||| Stepping randomly (stuck).
  2492 | D:2      | 2492 ||| Stepping randomly (stuck).
  2494 | D:2      | 2494 ||| Stepping randomly (stuck).
  2496 | D:2      | 2496 ||| Stepping randomly (stuck).
  2498 | D:2      | 2498 ||| Stepping randomly (stuck).
  2500 | D:2      | 2500 ||| Stepping randomly (stuck).
  2502 | D:2      | 2502 ||| Stepping randomly (stuck).
  2504 | D:2      | 2504 ||| Stepping randomly (stuck).
  2506 | D:2      | 2506 ||| Stepping randomly (stuck).
  2508 | D:2      | 2508 ||| Stepping randomly (stuck).
  2510 | D:2      | 2510 ||| Stepping randomly (stuck).
  2512 | D:2      | 2512 ||| Stepping randomly (stuck).
  2514 | D:2      | 2514 ||| Stepping randomly (stuck).
  2516 | D:2      | 2516 ||| Stepping randomly (stuck).
  2518 | D:2      | 2518 ||| Stepping randomly (stuck).
  2520 | D:2      | 2520 ||| Stepping randomly (stuck).
  2522 | D:2      | 2522 ||| Stepping randomly (stuck).
  2524 | D:2      | 2524 ||| Stepping randomly (stuck).
  2526 | D:2      | 2526 ||| Stepping randomly (stuck).
  2528 | D:2      | 2528 ||| Stepping randomly (stuck).
  2530 | D:2      | 2530 ||| Stepping randomly (stuck).
  2532 | D:2      | 2532 ||| Stepping randomly (stuck).
  2534 | D:2      | 2534 ||| Stepping randomly (stuck).
  2536 | D:2      | 2536 ||| Stepping randomly (stuck).
  2538 | D:2      | 2538 ||| Stepping randomly (stuck).
  2540 | D:2      | 2540 ||| Stepping randomly (stuck).
  2542 | D:2      | 2542 ||| Stepping randomly (stuck).
  2544 | D:2      | 2544 ||| Stepping randomly (stuck).
  2546 | D:2      | 2546 ||| Stepping randomly (stuck).
  2548 | D:2      | 2548 ||| Stepping randomly (stuck).
  2550 | D:2      | 2550 ||| Stepping randomly (stuck).
  2552 | D:2      | 2552 ||| Stepping randomly (stuck).
  2554 | D:2      | 2554 ||| Stepping randomly (stuck).
  2556 | D:2      | 2556 ||| Stepping randomly (stuck).
  2558 | D:2      | 2558 ||| Stepping randomly (stuck).
  2560 | D:2      | 2560 ||| Stepping randomly (stuck).
  2562 | D:2      | 2562 ||| Stepping randomly (stuck).
  2564 | D:2      | 2564 ||| Stepping randomly (stuck).
  2566 | D:2      | 2566 ||| Stepping randomly (stuck).
  2568 | D:2      | 2568 ||| Stepping randomly (stuck).
  2570 | D:2      | 2570 ||| Stepping randomly (stuck).
  2572 | D:2      | 2572 ||| Stepping randomly (stuck).
  2574 | D:2      | 2574 ||| Stepping randomly (stuck).
  2576 | D:2      | 2576 ||| Stepping randomly (stuck).
  2578 | D:2      | 2578 ||| Stepping randomly (stuck).
  2580 | D:2      | 2580 ||| Stepping randomly (stuck).
  2582 | D:2      | 2582 ||| Stepping randomly (stuck).
  2584 | D:2      | 2584 ||| Stepping randomly (stuck).
  2586 | D:2      | 2586 ||| Stepping randomly (stuck).
  2588 | D:2      | 2588 ||| Stepping randomly (stuck).
  2590 | D:2      | 2590 ||| Stepping randomly (stuck).
  2592 | D:2      | 2592 ||| Stepping randomly (stuck).
  2594 | D:2      | 2594 ||| Stepping randomly (stuck).
  2596 | D:2      | 2596 ||| Stepping randomly (stuck).
  2598 | D:2      | 2598 ||| Stepping randomly (stuck).
  2600 | D:2      | 2600 ||| Stepping randomly (stuck).
  2602 | D:2      | 2602 ||| Stepping randomly (stuck).
  2604 | D:2      | 2604 ||| Stepping randomly (stuck).
  2606 | D:2      | 2606 ||| Stepping randomly (stuck).
  2608 | D:2      | 2608 ||| Stepping randomly (stuck).
  2610 | D:2      | 2610 ||| Stepping randomly (stuck).
  2612 | D:2      | 2612 ||| Stepping randomly (stuck).
  2614 | D:2      | 2614 ||| Stepping randomly (stuck).
  2616 | D:2      | 2616 ||| Stepping randomly (stuck).
  2618 | D:2      | 2618 ||| Stepping randomly (stuck).
  2620 | D:2      | 2620 ||| Stepping randomly (stuck).
  2622 | D:2      | 2622 ||| Stepping randomly (stuck).
  2624 | D:2      | 2624 ||| Stepping randomly (stuck).
  2626 | D:2      | 2626 ||| Stepping randomly (stuck).
  2628 | D:2      | 2628 ||| Stepping randomly (stuck).
  2630 | D:2      | 2630 ||| Stepping randomly (stuck).
  2632 | D:2      | 2632 ||| Stepping randomly (stuck).
  2634 | D:2      | 2634 ||| Stepping randomly (stuck).
  2636 | D:2      | 2636 ||| Stepping randomly (stuck).
  2638 | D:2      | 2638 ||| Stepping randomly (stuck).
  2640 | D:2      | 2640 ||| Stepping randomly (stuck).
  2642 | D:2      | 2642 ||| Stepping randomly (stuck).
  2644 | D:2      | 2644 ||| Stepping randomly (stuck).
  2646 | D:2      | 2646 ||| Stepping randomly (stuck).
  2648 | D:2      | 2648 ||| Stepping randomly (stuck).
  2650 | D:2      | 2650 ||| Stepping randomly (stuck).
  2652 | D:2      | 2652 ||| Stepping randomly (stuck).
  2654 | D:2      | 2654 ||| Stepping randomly (stuck).
  2656 | D:2      | 2656 ||| Stepping randomly (stuck).
  2658 | D:2      | 2658 ||| Stepping randomly (stuck).
  2660 | D:2      | 2660 ||| Stepping randomly (stuck).
  2662 | D:2      | 2662 ||| Stepping randomly (stuck).
  2664 | D:2      | 2664 ||| Stepping randomly (stuck).
  2666 | D:2      | 2666 ||| Stepping randomly (stuck).
  2668 | D:2      | 2668 ||| Stepping randomly (stuck).
  2670 | D:2      | 2670 ||| Stepping randomly (stuck).
  2672 | D:2      | 2672 ||| Stepping randomly (stuck).
  2674 | D:2      | 2674 ||| Stepping randomly (stuck).
  2676 | D:2      | 2676 ||| Stepping randomly (stuck).
  2678 | D:2      | 2678 ||| Stepping randomly (stuck).
  2680 | D:2      | 2680 ||| Stepping randomly (stuck).
  2682 | D:2      | 2682 ||| Stepping randomly (stuck).
  2684 | D:2      | 2684 ||| Stepping randomly (stuck).
  2686 | D:2      | 2686 ||| Stepping randomly (stuck).
  2688 | D:2      | 2688 ||| Stepping randomly (stuck).
  2690 | D:2      | 2690 ||| Stepping randomly (stuck).
  2692 | D:2      | 2692 ||| Stepping randomly (stuck).
  2694 | D:2      | 2694 ||| Stepping randomly (stuck).
  2696 | D:2      | 2696 ||| Stepping randomly (stuck).
  2698 | D:2      | 2698 ||| Stepping randomly (stuck).
  2700 | D:2      | 2700 ||| Stepping randomly (stuck).
  2702 | D:2      | 2702 ||| Stepping randomly (stuck).
  2704 | D:2      | 2704 ||| Stepping randomly (stuck).
  2706 | D:2      | 2706 ||| Stepping randomly (stuck).
  2708 | D:2      | 2708 ||| Stepping randomly (stuck).
  2710 | D:2      | 2710 ||| Stepping randomly (stuck).
  2712 | D:2      | 2712 ||| Stepping randomly (stuck).
  2714 | D:2      | 2714 ||| Stepping randomly (stuck).
  2716 | D:2      | 2716 ||| Stepping randomly (stuck).
  2718 | D:2      | 2718 ||| Stepping randomly (stuck).
  2720 | D:2      | 2720 ||| Stepping randomly (stuck).
  2722 | D:2      | 2722 ||| Stepping randomly (stuck).
  2724 | D:2      | 2724 ||| Stepping randomly (stuck).
  2726 | D:2      | 2726 ||| Stepping randomly (stuck).
  2728 | D:2      | 2728 ||| Stepping randomly (stuck).
  2730 | D:2      | 2730 ||| Stepping randomly (stuck).
  2732 | D:2      | 2732 ||| Stepping randomly (stuck).
  2734 | D:2      | 2734 ||| Stepping randomly (stuck).
  2736 | D:2      | 2736 ||| Stepping randomly (stuck).
  2738 | D:2      | 2738 ||| Stepping randomly (stuck).
  2740 | D:2      | 2740 ||| Stepping randomly (stuck).
  2742 | D:2      | 2742 ||| Stepping randomly (stuck).
  2744 | D:2      | 2744 ||| Stepping randomly (stuck).
  2746 | D:2      | 2746 ||| Stepping randomly (stuck).
  2748 | D:2      | 2748 ||| Stepping randomly (stuck).
  2750 | D:2      | 2750 ||| Stepping randomly (stuck).
  2752 | D:2      | 2752 ||| Stepping randomly (stuck).
  2754 | D:2      | 2754 ||| Stepping randomly (stuck).
  2756 | D:2      | 2756 ||| Stepping randomly (stuck).
  2758 | D:2      | 2758 ||| Stepping randomly (stuck).
  2760 | D:2      | 2760 ||| Stepping randomly (stuck).
  2762 | D:2      | 2762 ||| Stepping randomly (stuck).
  2764 | D:2      | 2764 ||| Stepping randomly (stuck).
  2766 | D:2      | 2766 ||| Stepping randomly (stuck).
  2768 | D:2      | 2768 ||| Stepping randomly (stuck).
  2770 | D:2      | 2770 ||| Stepping randomly (stuck).
  2772 | D:2      | 2772 ||| Stepping randomly (stuck).
  2774 | D:2      | 2774 ||| Stepping randomly (stuck).
  2776 | D:2      | 2776 ||| Stepping randomly (stuck).
  2778 | D:2      | 2778 ||| Stepping randomly (stuck).
  2780 | D:2      | 2780 ||| Stepping randomly (stuck).
  2782 | D:2      | 2782 ||| Stepping randomly (stuck).
  2784 | D:2      | 2784 ||| Stepping randomly (stuck).
  2786 | D:2      | 2786 ||| Stepping randomly (stuck).
  2788 | D:2      | 2788 ||| Stepping randomly (stuck).
  2790 | D:2      | 2790 ||| Stepping randomly (stuck).
  2792 | D:2      | 2792 ||| Stepping randomly (stuck).
  2794 | D:2      | 2794 ||| Stepping randomly (stuck).
  2796 | D:2      | 2796 ||| Stepping randomly (stuck).
  2798 | D:2      | 2798 ||| Stepping randomly (stuck).
  2800 | D:2      | 2800 ||| Stepping randomly (stuck).
  2802 | D:2      | 2802 ||| Stepping randomly (stuck).
  2804 | D:2      | 2804 ||| Stepping randomly (stuck).
  2806 | D:2      | 2806 ||| Stepping randomly (stuck).
  2808 | D:2      | 2808 ||| Stepping randomly (stuck).
  2810 | D:2      | 2810 ||| Stepping randomly (stuck).
  2812 | D:2      | 2812 ||| Stepping randomly (stuck).
  2814 | D:2      | 2814 ||| Stepping randomly (stuck).
  2816 | D:2      | 2816 ||| Stepping randomly (stuck).
  2818 | D:2      | 2818 ||| Stepping randomly (stuck).
  2820 | D:2      | 2820 ||| Stepping randomly (stuck).
  2822 | D:2      | 2822 ||| Stepping randomly (stuck).
  2824 | D:2      | 2824 ||| Stepping randomly (stuck).
  2826 | D:2      | 2826 ||| Stepping randomly (stuck).
  2828 | D:2      | 2828 ||| Stepping randomly (stuck).
  2830 | D:2      | 2830 ||| Stepping randomly (stuck).
  2832 | D:2      | 2832 ||| Stepping randomly (stuck).
  2834 | D:2      | 2834 ||| Stepping randomly (stuck).
  2836 | D:2      | 2836 ||| Stepping randomly (stuck).
  2838 | D:2      | 2838 ||| Stepping randomly (stuck).
  2840 | D:2      | 2840 ||| Stepping randomly (stuck).
  2842 | D:2      | 2842 ||| Stepping randomly (stuck).
  2844 | D:2      | 2844 ||| Stepping randomly (stuck).
  2846 | D:2      | 2846 ||| Stepping randomly (stuck).
  2848 | D:2      | 2848 ||| Stepping randomly (stuck).
  2850 | D:2      | 2850 ||| Stepping randomly (stuck).
  2852 | D:2      | 2852 ||| Stepping randomly (stuck).
  2854 | D:2      | 2854 ||| Stepping randomly (stuck).
  2856 | D:2      | 2856 ||| Stepping randomly (stuck).
  2858 | D:2      | 2858 ||| Stepping randomly (stuck).
  2860 | D:2      | 2860 ||| Stepping randomly (stuck).
  2862 | D:2      | 2862 ||| Stepping randomly (stuck).
  2864 | D:2      | 2864 ||| Stepping randomly (stuck).
  2866 | D:2      | 2866 ||| Stepping randomly (stuck).
  2868 | D:2      | 2868 ||| Stepping randomly (stuck).
  2870 | D:2      | 2870 ||| Stepping randomly (stuck).
  2872 | D:2      | 2872 ||| Stepping randomly (stuck).
  2874 | D:2      | 2874 ||| Stepping randomly (stuck).
  2876 | D:2      | 2876 ||| Stepping randomly (stuck).
  2878 | D:2      | 2878 ||| Stepping randomly (stuck).
  2880 | D:2      | 2880 ||| Stepping randomly (stuck).
  2882 | D:2      | 2882 ||| Stepping randomly (stuck).
  2884 | D:2      | 2884 ||| Stepping randomly (stuck).
  2886 | D:2      | 2886 ||| Stepping randomly (stuck).
  2888 | D:2      | 2888 ||| Stepping randomly (stuck).
  2890 | D:2      | 2890 ||| Stepping randomly (stuck).
  2892 | D:2      | 2892 ||| Stepping randomly (stuck).
  2894 | D:2      | 2894 ||| Stepping randomly (stuck).
  2896 | D:2      | 2896 ||| Stepping randomly (stuck).
  2898 | D:2      | 2898 ||| Stepping randomly (stuck).
  2900 | D:2      | 2900 ||| Stepping randomly (stuck).
  2902 | D:2      | 2902 ||| Stepping randomly (stuck).
  2904 | D:2      | 2904 ||| Stepping randomly (stuck).
  2906 | D:2      | 2906 ||| Stepping randomly (stuck).
  2908 | D:2      | 2908 ||| Stepping randomly (stuck).
  2910 | D:2      | 2910 ||| Stepping randomly (stuck).
  2912 | D:2      | 2912 ||| Stepping randomly (stuck).
  2914 | D:2      | 2914 ||| Stepping randomly (stuck).
  2916 | D:2      | 2916 ||| Stepping randomly (stuck).
  2918 | D:2      | 2918 ||| Stepping randomly (stuck).
  2920 | D:2      | 2920 ||| Stepping randomly (stuck).
  2922 | D:2      | 2922 ||| Stepping randomly (stuck).
  2924 | D:2      | 2924 ||| Stepping randomly (stuck).
  2926 | D:2      | 2926 ||| Stepping randomly (stuck).
  2928 | D:2      | 2928 ||| Stepping randomly (stuck).
  2930 | D:2      | 2930 ||| Stepping randomly (stuck).
  2932 | D:2      | 2932 ||| Stepping randomly (stuck).
  2934 | D:2      | 2934 ||| Stepping randomly (stuck).
  2936 | D:2      | 2936 ||| Stepping randomly (stuck).
  2938 | D:2      | 2938 ||| Stepping randomly (stuck).
  2940 | D:2      | 2940 ||| Stepping randomly (stuck).
  2942 | D:2      | 2942 ||| Stepping randomly (stuck).
  2944 | D:2      | 2944 ||| Stepping randomly (stuck).
  2946 | D:2      | 2946 ||| Stepping randomly (stuck).
  2948 | D:2      | 2948 ||| Stepping randomly (stuck).
  2950 | D:2      | 2950 ||| Stepping randomly (stuck).
  2952 | D:2      | 2952 ||| Stepping randomly (stuck).
  2954 | D:2      | 2954 ||| Stepping randomly (stuck).
  2956 | D:2      | 2956 ||| Stepping randomly (stuck).
  2958 | D:2      | 2958 ||| Stepping randomly (stuck).
  2960 | D:2      | 2960 ||| Stepping randomly (stuck).
  2962 | D:2      | 2962 ||| Stepping randomly (stuck).
  2964 | D:2      | 2964 ||| Stepping randomly (stuck).
  2966 | D:2      | 2966 ||| Stepping randomly (stuck).
  2968 | D:2      | 2968 ||| Stepping randomly (stuck).
  2970 | D:2      | 2970 ||| Stepping randomly (stuck).
  2972 | D:2      | 2972 ||| Stepping randomly (stuck).
  2974 | D:2      | 2974 ||| Stepping randomly (stuck).
  2976 | D:2      | 2976 ||| Stepping randomly (stuck).
  2978 | D:2      | 2978 ||| Stepping randomly (stuck).
  2980 | D:2      | 2980 ||| Stepping randomly (stuck).
  2982 | D:2      | 2982 ||| Stepping randomly (stuck).
  2984 | D:2      | 2984 ||| Stepping randomly (stuck).
  2986 | D:2      | 2986 ||| Stepping randomly (stuck).
  2988 | D:2      | 2988 ||| Stepping randomly (stuck).
  2990 | D:2      | 2990 ||| Stepping randomly (stuck).
  2992 | D:2      | 2992 ||| Stepping randomly (stuck).
  2994 | D:2      | 2994 ||| Stepping randomly (stuck).
  2996 | D:2      | 2996 ||| Stepping randomly (stuck).
  2998 | D:2      | 2998 ||| Stepping randomly (stuck).
  3000 | D:2      | 3000 ||| Stepping randomly (stuck).
  3002 | D:2      | 3002 ||| Stepping randomly (stuck).
  3004 | D:2      | 3004 ||| Stepping randomly (stuck).
  3006 | D:2      | 3006 ||| Stepping randomly (stuck).
  3008 | D:2      | 3008 ||| Stepping randomly (stuck).
  3010 | D:2      | 3010 ||| Stepping randomly (stuck).
  3012 | D:2      | 3012 ||| Stepping randomly (stuck).
  3014 | D:2      | 3014 ||| Stepping randomly (stuck).
  3016 | D:2      | 3016 ||| Stepping randomly (stuck).
  3018 | D:2      | 3018 ||| Stepping randomly (stuck).
  3020 | D:2      | 3020 ||| Stepping randomly (stuck).
  3022 | D:2      | 3022 ||| Stepping randomly (stuck).
  3024 | D:2      | 3024 ||| Stepping randomly (stuck).
  3026 | D:2      | 3026 ||| Stepping randomly (stuck).
  3028 | D:2      | 3028 ||| Stepping randomly (stuck).
  3030 | D:2      | 3030 ||| Stepping randomly (stuck).
  3032 | D:2      | 3032 ||| Stepping randomly (stuck).
  3034 | D:2      | 3034 ||| Stepping randomly (stuck).
  3036 | D:2      | 3036 ||| Stepping randomly (stuck).
  3038 | D:2      | 3038 ||| Stepping randomly (stuck).
  3040 | D:2      | 3040 ||| Stepping randomly (stuck).
  3042 | D:2      | 3042 ||| Stepping randomly (stuck).
  3044 | D:2      | 3044 ||| Stepping randomly (stuck).
  3046 | D:2      | 3046 ||| Stepping randomly (stuck).
  3048 | D:2      | 3048 ||| Stepping randomly (stuck).
  3050 | D:2      | 3050 ||| Stepping randomly (stuck).
  3052 | D:2      | 3052 ||| Stepping randomly (stuck).
  3054 | D:2      | 3054 ||| Stepping randomly (stuck).
  3056 | D:2      | 3056 ||| Stepping randomly (stuck).
  3058 | D:2      | 3058 ||| Stepping randomly (stuck).
  3060 | D:2      | 3060 ||| Stepping randomly (stuck).
  3062 | D:2      | 3062 ||| Stepping randomly (stuck).
  3064 | D:2      | 3064 ||| Stepping randomly (stuck).
  3066 | D:2      | 3066 ||| Stepping randomly (stuck).
  3068 | D:2      | 3068 ||| Stepping randomly (stuck).
  3070 | D:2      | 3070 ||| Stepping randomly (stuck).
  3072 | D:2      | 3072 ||| Stepping randomly (stuck).
  3074 | D:2      | 3074 ||| Stepping randomly (stuck).
  3076 | D:2      | 3076 ||| Stepping randomly (stuck).
  3078 | D:2      | 3078 ||| Stepping randomly (stuck).
  3080 | D:2      | 3080 ||| Stepping randomly (stuck).
  3082 | D:2      | 3082 ||| Stepping randomly (stuck).
  3084 | D:2      | 3084 ||| Stepping randomly (stuck).
  3086 | D:2      | 3086 ||| Stepping randomly (stuck).
  3088 | D:2      | 3088 ||| Stepping randomly (stuck).
  3090 | D:2      | 3090 ||| Stepping randomly (stuck).
  3092 | D:2      | 3092 ||| Stepping randomly (stuck).
  3094 | D:2      | 3094 ||| Stepping randomly (stuck).
  3096 | D:2      | 3096 ||| Stepping randomly (stuck).
  3098 | D:2      | 3098 ||| Stepping randomly (stuck).
  3100 | D:2      | 3100 ||| Stepping randomly (stuck).
  3102 | D:2      | 3102 ||| Stepping randomly (stuck).
  3104 | D:2      | 3104 ||| Stepping randomly (stuck).
  3106 | D:2      | 3106 ||| Stepping randomly (stuck).
  3108 | D:2      | 3108 ||| Stepping randomly (stuck).
  3110 | D:2      | 3110 ||| Stepping randomly (stuck).
  3112 | D:2      | 3112 ||| Stepping randomly (stuck).
  3114 | D:2      | 3114 ||| Stepping randomly (stuck).
  3116 | D:2      | 3116 ||| Stepping randomly (stuck).
  3118 | D:2      | 3118 ||| Stepping randomly (stuck).
  3120 | D:2      | 3120 ||| Stepping randomly (stuck).
  3122 | D:2      | 3122 ||| Stepping randomly (stuck).
  3124 | D:2      | 3124 ||| Stepping randomly (stuck).
  3126 | D:2      | 3126 ||| Stepping randomly (stuck).
  3128 | D:2      | 3128 ||| Stepping randomly (stuck).
  3130 | D:2      | 3130 ||| Stepping randomly (stuck).
  3132 | D:2      | 3132 ||| Stepping randomly (stuck).
  3134 | D:2      | 3134 ||| Stepping randomly (stuck).
  3136 | D:2      | 3136 ||| Stepping randomly (stuck).
  3138 | D:2      | 3138 ||| Stepping randomly (stuck).
  3140 | D:2      | 3140 ||| Stepping randomly (stuck).
  3142 | D:2      | 3142 ||| Stepping randomly (stuck).
  3144 | D:2      | 3144 ||| Stepping randomly (stuck).
  3146 | D:2      | 3146 ||| Stepping randomly (stuck).
  3148 | D:2      | 3148 ||| Stepping randomly (stuck).
  3150 | D:2      | 3150 ||| Stepping randomly (stuck).
  3152 | D:2      | 3152 ||| Stepping randomly (stuck).
  3154 | D:2      | 3154 ||| Stepping randomly (stuck).
  3156 | D:2      | 3156 ||| Stepping randomly (stuck).
  3158 | D:2      | 3158 ||| Stepping randomly (stuck).
  3160 | D:2      | 3160 ||| Stepping randomly (stuck).
  3162 | D:2      | 3162 ||| Stepping randomly (stuck).
  3164 | D:2      | 3164 ||| Stepping randomly (stuck).
  3166 | D:2      | 3166 ||| Stepping randomly (stuck).
  3168 | D:2      | 3168 ||| Stepping randomly (stuck).
  3170 | D:2      | 3170 ||| Stepping randomly (stuck).
  3172 | D:2      | 3172 ||| Stepping randomly (stuck).
  3174 | D:2      | 3174 ||| Stepping randomly (stuck).
  3176 | D:2      | 3176 ||| Stepping randomly (stuck).
  3178 | D:2      | 3178 ||| Stepping randomly (stuck).
  3180 | D:2      | 3180 ||| Stepping randomly (stuck).
  3182 | D:2      | 3182 ||| Stepping randomly (stuck).
  3184 | D:2      | 3184 ||| Stepping randomly (stuck).
  3186 | D:2      | 3186 ||| Stepping randomly (stuck).
  3188 | D:2      | 3188 ||| Stepping randomly (stuck).
  3190 | D:2      | 3190 ||| Stepping randomly (stuck).
  3192 | D:2      | 3192 ||| Stepping randomly (stuck).
  3194 | D:2      | 3194 ||| Stepping randomly (stuck).
  3196 | D:2      | 3196 ||| Stepping randomly (stuck).
  3198 | D:2      | 3198 ||| Stepping randomly (stuck).
  3200 | D:2      | 3200 ||| Stepping randomly (stuck).
  3202 | D:2      | 3202 ||| Stepping randomly (stuck).
  3204 | D:2      | 3204 ||| Stepping randomly (stuck).
  3206 | D:2      | 3206 ||| Stepping randomly (stuck).
  3208 | D:2      | 3208 ||| Stepping randomly (stuck).
  3210 | D:2      | 3210 ||| Stepping randomly (stuck).
  3212 | D:2      | 3212 ||| Stepping randomly (stuck).
  3214 | D:2      | 3214 ||| Stepping randomly (stuck).
  3216 | D:2      | 3216 ||| Stepping randomly (stuck).
  3218 | D:2      | 3218 ||| Stepping randomly (stuck).
  3220 | D:2      | 3220 ||| Stepping randomly (stuck).
  3222 | D:2      | 3222 ||| Stepping randomly (stuck).
  3224 | D:2      | 3224 ||| Stepping randomly (stuck).
  3226 | D:2      | 3226 ||| Stepping randomly (stuck).
  3228 | D:2      | 3228 ||| Stepping randomly (stuck).
  3230 | D:2      | 3230 ||| Stepping randomly (stuck).
  3232 | D:2      | 3232 ||| Stepping randomly (stuck).
  3234 | D:2      | 3234 ||| Stepping randomly (stuck).
  3236 | D:2      | 3236 ||| Stepping randomly (stuck).
  3238 | D:2      | 3238 ||| Stepping randomly (stuck).
  3240 | D:2      | 3240 ||| Stepping randomly (stuck).
  3242 | D:2      | 3242 ||| Stepping randomly (stuck).
  3244 | D:2      | 3244 ||| Stepping randomly (stuck).
  3246 | D:2      | 3246 ||| Stepping randomly (stuck).
  3248 | D:2      | 3248 ||| Stepping randomly (stuck).
  3250 | D:2      | 3250 ||| Stepping randomly (stuck).
  3252 | D:2      | 3252 ||| Stepping randomly (stuck).
  3254 | D:2      | 3254 ||| Stepping randomly (stuck).
  3256 | D:2      | 3256 ||| Stepping randomly (stuck).
  3258 | D:2      | 3258 ||| Stepping randomly (stuck).
  3260 | D:2      | 3260 ||| Stepping randomly (stuck).
  3262 | D:2      | 3262 ||| Stepping randomly (stuck).
  3264 | D:2      | 3264 ||| Stepping randomly (stuck).
  3266 | D:2      | 3266 ||| Stepping randomly (stuck).
  3268 | D:2      | 3268 ||| Stepping randomly (stuck).
  3270 | D:2      | 3270 ||| Stepping randomly (stuck).
  3272 | D:2      | 3272 ||| Stepping randomly (stuck).
  3274 | D:2      | 3274 ||| Stepping randomly (stuck).
  3276 | D:2      | 3276 ||| Stepping randomly (stuck).
  3278 | D:2      | 3278 ||| Stepping randomly (stuck).
  3280 | D:2      | 3280 ||| Stepping randomly (stuck).
  3282 | D:2      | 3282 ||| Stepping randomly (stuck).
  3284 | D:2      | 3284 ||| Stepping randomly (stuck).
  3286 | D:2      | 3286 ||| Stepping randomly (stuck).
  3288 | D:2      | 3288 ||| Stepping randomly (stuck).
  3290 | D:2      | 3290 ||| Stepping randomly (stuck).
  3292 | D:2      | 3292 ||| Stepping randomly (stuck).
  3294 | D:2      | 3294 ||| Stepping randomly (stuck).
  3296 | D:2      | 3296 ||| Stepping randomly (stuck).
  3298 | D:2      | 3298 ||| Stepping randomly (stuck).
  3300 | D:2      | 3300 ||| Stepping randomly (stuck).
  3302 | D:2      | 3302 ||| Stepping randomly (stuck).
  3304 | D:2      | 3304 ||| Stepping randomly (stuck).
  3306 | D:2      | 3306 ||| Stepping randomly (stuck).
  3308 | D:2      | 3308 ||| Stepping randomly (stuck).
  3310 | D:2      | 3310 ||| Stepping randomly (stuck).
  3312 | D:2      | 3312 ||| Stepping randomly (stuck).
  3314 | D:2      | 3314 ||| Stepping randomly (stuck).
  3316 | D:2      | 3316 ||| Stepping randomly (stuck).
  3318 | D:2      | 3318 ||| Stepping randomly (stuck).
  3320 | D:2      | 3320 ||| Stepping randomly (stuck).
  3322 | D:2      | 3322 ||| Stepping randomly (stuck).
  3324 | D:2      | 3324 ||| Stepping randomly (stuck).
  3326 | D:2      | 3326 ||| Stepping randomly (stuck).
  3328 | D:2      | 3328 ||| Stepping randomly (stuck).
  3330 | D:2      | 3330 ||| Stepping randomly (stuck).
  3332 | D:2      | 3332 ||| Stepping randomly (stuck).
  3334 | D:2      | 3334 ||| Stepping randomly (stuck).
  3336 | D:2      | 3336 ||| Stepping randomly (stuck).
  3338 | D:2      | 3338 ||| Stepping randomly (stuck).
  3340 | D:2      | 3340 ||| Stepping randomly (stuck).
  3342 | D:2      | 3342 ||| Stepping randomly (stuck).
  3344 | D:2      | 3344 ||| Stepping randomly (stuck).
  3346 | D:2      | 3346 ||| Stepping randomly (stuck).
  3348 | D:2      | 3348 ||| Stepping randomly (stuck).
  3350 | D:2      | 3350 ||| Stepping randomly (stuck).
  3352 | D:2      | 3352 ||| Stepping randomly (stuck).
  3354 | D:2      | 3354 ||| Stepping randomly (stuck).
  3356 | D:2      | 3356 ||| Stepping randomly (stuck).
  3358 | D:2      | 3358 ||| Stepping randomly (stuck).
  3360 | D:2      | 3360 ||| Stepping randomly (stuck).
  3362 | D:2      | 3362 ||| Stepping randomly (stuck).
  3364 | D:2      | 3364 ||| Stepping randomly (stuck).
  3366 | D:2      | 3366 ||| Stepping randomly (stuck).
  3368 | D:2      | 3368 ||| Stepping randomly (stuck).
  3370 | D:2      | 3370 ||| Stepping randomly (stuck).
  3372 | D:2      | 3372 ||| Stepping randomly (stuck).
  3374 | D:2      | 3374 ||| Stepping randomly (stuck).
  3376 | D:2      | 3376 ||| Stepping randomly (stuck).
  3378 | D:2      | 3378 ||| Stepping randomly (stuck).
  3380 | D:2      | 3380 ||| Stepping randomly (stuck).
  3382 | D:2      | 3382 ||| Stepping randomly (stuck).
  3384 | D:2      | 3384 ||| Stepping randomly (stuck).
  3386 | D:2      | 3386 ||| Stepping randomly (stuck).
  3388 | D:2      | 3388 ||| Stepping randomly (stuck).
  3390 | D:2      | 3390 ||| Stepping randomly (stuck).
  3392 | D:2      | 3392 ||| Stepping randomly (stuck).
  3394 | D:2      | 3394 ||| Stepping randomly (stuck).
  3396 | D:2      | 3396 ||| Stepping randomly (stuck).
  3398 | D:2      | 3398 ||| Stepping randomly (stuck).
  3400 | D:2      | 3400 ||| Stepping randomly (stuck).
  3402 | D:2      | 3402 ||| Stepping randomly (stuck).
  3404 | D:2      | 3404 ||| Stepping randomly (stuck).
  3406 | D:2      | 3406 ||| Stepping randomly (stuck).
  3408 | D:2      | 3408 ||| Stepping randomly (stuck).
  3410 | D:2      | 3410 ||| Stepping randomly (stuck).
  3412 | D:2      | 3412 ||| Stepping randomly (stuck).
  3414 | D:2      | 3414 ||| Stepping randomly (stuck).
  3416 | D:2      | 3416 ||| Stepping randomly (stuck).
  3418 | D:2      | 3418 ||| Stepping randomly (stuck).
  3420 | D:2      | 3420 ||| Stepping randomly (stuck).
  3422 | D:2      | 3422 ||| Stepping randomly (stuck).
  3424 | D:2      | 3424 ||| Stepping randomly (stuck).
  3426 | D:2      | 3426 ||| Stepping randomly (stuck).
  3428 | D:2      | 3428 ||| Stepping randomly (stuck).
  3430 | D:2      | 3430 ||| Stepping randomly (stuck).
  3432 | D:2      | 3432 ||| Stepping randomly (stuck).
  3434 | D:2      | 3434 ||| Stepping randomly (stuck).
  3436 | D:2      | 3436 ||| Stepping randomly (stuck).
  3438 | D:2      | 3438 ||| Stepping randomly (stuck).
  3440 | D:2      | 3440 ||| Stepping randomly (stuck).
  3442 | D:2      | 3442 ||| Stepping randomly (stuck).
  3444 | D:2      | 3444 ||| Stepping randomly (stuck).
  3446 | D:2      | 3446 ||| Stepping randomly (stuck).
  3448 | D:2      | 3448 ||| Stepping randomly (stuck).
  3450 | D:2      | 3450 ||| Stepping randomly (stuck).
  3452 | D:2      | 3452 ||| Stepping randomly (stuck).
  3454 | D:2      | 3454 ||| Stepping randomly (stuck).
  3456 | D:2      | 3456 ||| Stepping randomly (stuck).
  3458 | D:2      | 3458 ||| Stepping randomly (stuck).
  3460 | D:2      | 3460 ||| Stepping randomly (stuck).
  3462 | D:2      | 3462 ||| Stepping randomly (stuck).
  3464 | D:2      | 3464 ||| Stepping randomly (stuck).
  3466 | D:2      | 3466 ||| Stepping randomly (stuck).
  3468 | D:2      | 3468 ||| Stepping randomly (stuck).
  3470 | D:2      | 3470 ||| Stepping randomly (stuck).
  3472 | D:2      | 3472 ||| Stepping randomly (stuck).
  3474 | D:2      | 3474 ||| Stepping randomly (stuck).
  3476 | D:2      | 3476 ||| Stepping randomly (stuck).
  3478 | D:2      | 3478 ||| Stepping randomly (stuck).
  3480 | D:2      | 3480 ||| Stepping randomly (stuck).
  3482 | D:2      | 3482 ||| Stepping randomly (stuck).
  3484 | D:2      | 3484 ||| Stepping randomly (stuck).
  3486 | D:2      | 3486 ||| Stepping randomly (stuck).
  3488 | D:2      | 3488 ||| Stepping randomly (stuck).
  3490 | D:2      | 3490 ||| Stepping randomly (stuck).
  3492 | D:2      | 3492 ||| Stepping randomly (stuck).
  3494 | D:2      | 3494 ||| Stepping randomly (stuck).
  3496 | D:2      | 3496 ||| Stepping randomly (stuck).
  3498 | D:2      | 3498 ||| Stepping randomly (stuck).
  3500 | D:2      | 3500 ||| Stepping randomly (stuck).
  3502 | D:2      | 3502 ||| Stepping randomly (stuck).
  3504 | D:2      | 3504 ||| Stepping randomly (stuck).
  3506 | D:2      | 3506 ||| Stepping randomly (stuck).
  3508 | D:2      | 3508 ||| Stepping randomly (stuck).
  3510 | D:2      | 3510 ||| Stepping randomly (stuck).
  3512 | D:2      | 3512 ||| Stepping randomly (stuck).
  3514 | D:2      | 3514 ||| Stepping randomly (stuck).
  3516 | D:2      | 3516 ||| Stepping randomly (stuck).
  3518 | D:2      | 3518 ||| Stepping randomly (stuck).
  3520 | D:2      | 3520 ||| Stepping randomly (stuck).
  3522 | D:2      | 3522 ||| Stepping randomly (stuck).
  3524 | D:2      | 3524 ||| Stepping randomly (stuck).
  3526 | D:2      | 3526 ||| Stepping randomly (stuck).
  3528 | D:2      | 3528 ||| Stepping randomly (stuck).
  3530 | D:2      | 3530 ||| Stepping randomly (stuck).
  3532 | D:2      | 3532 ||| Stepping randomly (stuck).
  3534 | D:2      | 3534 ||| Stepping randomly (stuck).
  3536 | D:2      | 3536 ||| Stepping randomly (stuck).
  3538 | D:2      | 3538 ||| Stepping randomly (stuck).
  3540 | D:2      | 3540 ||| Stepping randomly (stuck).
  3542 | D:2      | 3542 ||| Stepping randomly (stuck).
  3544 | D:2      | 3544 ||| Stepping randomly (stuck).
  3546 | D:2      | 3546 ||| Stepping randomly (stuck).
  3548 | D:2      | 3548 ||| Stepping randomly (stuck).
  3550 | D:2      | 3550 ||| Stepping randomly (stuck).
  3552 | D:2      | 3552 ||| Stepping randomly (stuck).
  3554 | D:2      | 3554 ||| Stepping randomly (stuck).
  3556 | D:2      | 3556 ||| Stepping randomly (stuck).
  3558 | D:2      | 3558 ||| Stepping randomly (stuck).
  3560 | D:2      | 3560 ||| Stepping randomly (stuck).
  3562 | D:2      | 3562 ||| Stepping randomly (stuck).
  3564 | D:2      | 3564 ||| Stepping randomly (stuck).
  3566 | D:2      | 3566 ||| Stepping randomly (stuck).
  3568 | D:2      | 3568 ||| Stepping randomly (stuck).
  3570 | D:2      | 3570 ||| Stepping randomly (stuck).
  3572 | D:2      | 3572 ||| Stepping randomly (stuck).
  3574 | D:2      | 3574 ||| Stepping randomly (stuck).
  3576 | D:2      | 3576 ||| Stepping randomly (stuck).
  3578 | D:2      | 3578 ||| Stepping randomly (stuck).
  3580 | D:2      | 3580 ||| Stepping randomly (stuck).
  3582 | D:2      | 3582 ||| Stepping randomly (stuck).
  3584 | D:2      | 3584 ||| Stepping randomly (stuck).
  3586 | D:2      | 3586 ||| Stepping randomly (stuck).
  3588 | D:2      | 3588 ||| Stepping randomly (stuck).
  3590 | D:2      | 3590 ||| Stepping randomly (stuck).
  3592 | D:2      | 3592 ||| Stepping randomly (stuck).
  3594 | D:2      | 3594 ||| Stepping randomly (stuck).
  3596 | D:2      | 3596 ||| Stepping randomly (stuck).
  3598 | D:2      | 3598 ||| Stepping randomly (stuck).
  3600 | D:2      | 3600 ||| Stepping randomly (stuck).
  3602 | D:2      | 3602 ||| Stepping randomly (stuck).
  3604 | D:2      | 3604 ||| Stepping randomly (stuck).
  3606 | D:2      | 3606 ||| Stepping randomly (stuck).
  3608 | D:2      | 3608 ||| Stepping randomly (stuck).
  3610 | D:2      | 3610 ||| Stepping randomly (stuck).
  3612 | D:2      | 3612 ||| Stepping randomly (stuck).
  3614 | D:2      | 3614 ||| Stepping randomly (stuck).
  3616 | D:2      | 3616 ||| Stepping randomly (stuck).
  3618 | D:2      | 3618 ||| Stepping randomly (stuck).
  3620 | D:2      | 3620 ||| Stepping randomly (stuck).
  3622 | D:2      | 3622 ||| Stepping randomly (stuck).
  3624 | D:2      | 3624 ||| Stepping randomly (stuck).
  3626 | D:2      | 3626 ||| Stepping randomly (stuck).
  3628 | D:2      | 3628 ||| Stepping randomly (stuck).
  3630 | D:2      | 3630 ||| Stepping randomly (stuck).
  3632 | D:2      | 3632 ||| Stepping randomly (stuck).
  3634 | D:2      | 3634 ||| Stepping randomly (stuck).
  3636 | D:2      | 3636 ||| Stepping randomly (stuck).
  3638 | D:2      | 3638 ||| Stepping randomly (stuck).
  3640 | D:2      | 3640 ||| Stepping randomly (stuck).
  3642 | D:2      | 3642 ||| Stepping randomly (stuck).
  3644 | D:2      | 3644 ||| Stepping randomly (stuck).
  3646 | D:2      | 3646 ||| Stepping randomly (stuck).
  3648 | D:2      | 3648 ||| Stepping randomly (stuck).
  3650 | D:2      | 3650 ||| Stepping randomly (stuck).
  3652 | D:2      | 3652 ||| Stepping randomly (stuck).
  3654 | D:2      | 3654 ||| Stepping randomly (stuck).
  3656 | D:2      | 3656 ||| Stepping randomly (stuck).
  3658 | D:2      | 3658 ||| Stepping randomly (stuck).
  3660 | D:2      | 3660 ||| Stepping randomly (stuck).
  3662 | D:2      | 3662 ||| Stepping randomly (stuck).
  3664 | D:2      | 3664 ||| Stepping randomly (stuck).
  3666 | D:2      | 3666 ||| Stepping randomly (stuck).
  3668 | D:2      | 3668 ||| Stepping randomly (stuck).
  3670 | D:2      | 3670 ||| Stepping randomly (stuck).
  3672 | D:2      | 3672 ||| Stepping randomly (stuck).
  3674 | D:2      | 3674 ||| Stepping randomly (stuck).
  3676 | D:2      | 3676 ||| Stepping randomly (stuck).
  3678 | D:2      | 3678 ||| Stepping randomly (stuck).
  3680 | D:2      | 3680 ||| Stepping randomly (stuck).
  3682 | D:2      | 3682 ||| Stepping randomly (stuck).
  3684 | D:2      | 3684 ||| Stepping randomly (stuck).
  3686 | D:2      | Quit the game

Levels and vault maps discovered:
D:1:      psy_arrival_statuary, layout_basic, serial_shops, shop,
          nicolae_shop_hallway_plus, shop, shop, ebering_ecumenical_altar_rust,
          minmay_box_of_dots
D:2:      layout_basic, minmay_misc_feat_tiny, minmay_misc_feat_encased,
          interstate_on_off, minmay_quadrilaterals, uniq_crazy_yiuf_cottage,
          uniq_natasha, uniq_jessica

Skill      XL: |  1  2  3 |
---------------+----------+-----
Axes           | 4 5 6 |  6.0
Fighting       | |  3.6
Armour         | |  2.4
Dodging        | |  2.1

Action                   |  1- 3 |  4- 6 || total
-------------------------+-------+-------++-------
Melee: Hand axe          |    88 |       ||    88
       Headbutt          |     7 |       ||     7
Invok: Berserk           |     1 |       ||     1
  Use: Scroll            |     3 |     1 ||     4
       Potion            |     1 |       ||     1
Armor: Animal skin       |    12 |       ||    12
       Skin              |     2 |       ||     2
Dodge: Dodged            |    47 |       ||    47

Table legend:
 A = Non-vault XP
 B = Vault XP
 C = Vault XP percentage of total XP
 D = Non-vault monster count
 E = Vault monster count
 F = Vault count percentage of total count
                 A         B        C        D         E       F
            +---------+---------+-------+---------+---------+-------
      Total |      54 |      47 |  46.5 |      33 |       5 |  13.2
            +---------+---------+-------+---------+---------+-------
        D:1 |      37 |       3 |   7.5 |      24 |       2 |   7.7
        D:2 |      17 |      44 |  72.1 |       9 |       3 |  25.0
            +---------+---------+-------+---------+---------+-------
